 Dungeon Crawl Stone Soup version 0.29.1-2-gbd0b4ee654 (webtiles) character file.

Game seed: 7515991078949132303

84 styxcanada the Sneak (level 4, 0/23 HPs)
             Began as a Spriggan Brigand on Nov 6, 2022.
             Killed from afar by Sigmund (9 damage)
             ... with a puff of flame
             ... on level 3 of the Dungeon.
             The game lasted 00:07:35 (2344 turns).

styxcanada the Sneak (Spriggan Brigand)             Turns: 2344, Time: 00:07:35

Health: 0/23       AC:  3    Str:  7    XL:     4   Next: 23%
Magic:  5/5        EV: 17    Int: 12    God:
Gold:   70         SH:  0    Dex: 18    Spells: 3/3 levels left

rFire   . . .      SeeInvis +   a - +2 dagger
rCold   . . .      Faith    .   (no shield)
rNeg    . . .      Spirit   .   b - +0 robe
rPois   .          Reflect  .   (helmet restricted)
rElec   .          Harm     .   c - +0 cloak
rCorr   .          Rampage  .   (gloves unavailable)
Will    .....                   (boots unavailable)
Stlth   ++++......              (no amulet)
HPRegen 0.07/turn               (no ring)
MPRegen 0.09/turn               (no ring)

@: very quick
A: very small, no large weapons, unfitting armour, see invisible, speed 3
a: no special abilities


You were on level 3 of the Dungeon.
You visited 1 branch of the dungeon, and saw 3 of its levels.

You collected 70 gold pieces.

Inventory:

Hand Weapons
 a - a +2 dagger (weapon)
Missiles
 d - 10 poisoned darts (quivered)
 e - 3 curare-tipped darts
 f - 63 stones
Armour
 b - a +0 robe (worn)
 c - a +0 cloak (worn)
Scrolls
 h - a scroll of immolation {unknown}
 i - a scroll of silence {unknown}
 k - a scroll of teleportation {unknown}
Potions
 g - 3 potions of flight {unknown}
 j - a potion of degeneration {unknown}


   Skills:
 + Level 1.9 Fighting
 + Level 3.1 Short Blades
 + Level 2.4 Throwing
 + Level 2.1 Dodging
 + Level 7.2 Stealth


You had 3 spell levels left.
You didn't know any spells.
Your spell library contained the following spells:

 Spells                   Type           Power      Damage    Failure   Level
 Apportation              Tloc           0%         N/A       32%         1
 Necrotise                Necr           0%         1d4       32%         1
 Summon Small Mammal      Summ           0%         N/A       32%         1
 Alistair's Intoxication  Tmut/Pois      0%         N/A       100%        5


Dungeon Overview and Level Annotations

Branches:
Dungeon (3/15)

Altars:
Xom

Annotations:
D:3 Sigmund


Innate Abilities, Weirdness & Mutations

You are very small and have problems with some larger weapons.
You are too small for most types of armour.
You have supernaturally acute eyesight. (SInv)
You cover ground extremely quickly. (Speed+++)


Message History

You hit the bat.
You kill the bat!
Things that are here:
a +0 dagger; an orc corpse Sigmund points at you and mumbles some strange words.
You are confused.
You bump into the rock wall.
Sigmund casts a spell at you. The magic dart hits you!
Sigmund points at you and mumbles some strange words.
The puff of flame hits you.
You're too confused to move!
Things that are here:
a +0 dagger; an orc corpse You bump into the rock wall.
You feel less confused.
Throw: 14 darts (poison)
Press: ? - help, Q - select action, (/) - cycle Shift-Dir - straight line, f - Sigmund
Aim: Sigmund, wielding a +0 scythe and wearing a +0 robe (58% to hit)
You throw a poisoned dart. The poisoned dart hits Sigmund.
Sigmund is poisoned.
Throw: 13 darts (poison)
Press: ? - help, Q - select action, (/) - cycle Shift-Dir - straight line, f/p - Sigmund
Aim: Sigmund, wielding a +0 scythe and wearing a +0 robe (poisoned, 58% to hit)
You throw a poisoned dart.
The poisoned dart completely misses Sigmund.
Throw: 12 darts (poison)
Press: ? - help, Q - select action, (/) - cycle Shift-Dir - straight line, f/p - Sigmund
Aim: Sigmund, wielding a +0 scythe and wearing a +0 robe (poisoned, 58% to hit)
You throw a poisoned dart. The poisoned dart hits Sigmund.
Sigmund looks even sicker.
Sigmund drinks a potion.
Sigmund flickers and vanishes for a moment.
Throw: 11 darts (poison)
Press: ? - help, Q - select action, (/) - cycle Shift-Dir - straight line, f/p - Sigmund
Aim: Sigmund, wielding a +0 scythe and wearing a +0 robe (slightly transparent, very poisoned, 58% to hit)
You throw a poisoned dart. The poisoned dart hits Sigmund!
Sigmund looks as sick as possible!
Sigmund gestures at you while chanting. The puff of flame hits you!
You die...

#........#.####.####....
#......#................
#......###########.#..##
#....................###
####...............#.####
#.....####...........#
#.......# #..........#
#.........##..........###
#.........##@...@()((...#
#.............#########.....
#..........#### #..
#..........# ##.........#
..... .... ....


You could see Sigmund (invisible, extremely poisoned).

Vanquished Creatures
  3 adders
  A worm (D:2)
  An orc (D:3)
  7 ball pythons
  7 endoplasms
  3 giant cockroaches
  5 hobgoblins
  2 quokkas (D:2)
  8 bats
  3 frilled lizards
  5 goblins
  4 kobolds
  3 rats
52 creatures vanquished.

Vanquished Creatures (others)
  2 demonic plants (D:1)
2 creatures vanquished.

Grand Total: 54 creatures vanquished

Notes
Turn   | Place    | Note
-------+----------+-------------------------------------------
     0 | D:1      | styxcanada the Spriggan Brigand began the quest for the
                  | Orb.
     0 | D:1      | Reached XP level 1. HP: 10/10 MP: 2/2
    50 | D:1      | Reached skill level 6 in Stealth
    84 | D:1      | Found a faded altar of an unknown god.
   104 | D:1      | Reached XP level 2. HP: 3/14 MP: 3/3
   730 | D:1      | You fall into a shaft and drop 1 floor!
  1100 | D:2      | Reached XP level 3. HP: 18/18 MP: 4/4
  1155 | D:2      | Found a shimmering altar of Xom.
  1556 | D:2      | Reached skill level 7 in Stealth
  2049 | D:3      | Reached XP level 4. HP: 18/23 MP: 5/5
  2313 | D:3      | Noticed Sigmund
  2344 | D:3      | Killed from afar by Sigmund

Illustrated notes

Levels and vault maps discovered:
D:1:      dpeg_arrival_solitude, layout_loops_ring,
          shapermc_ecumenical_altar_gd, minmay_pentomino_q2
D:2:      layout_basic, basic_altar, serial_corexii_hall,
          corexii_hall_statues_x, chequers_hall_statues_corner_a,
          chequers_serial_rivers_micro_b, minmay_misc_feat_alley,
          minmay_close_crescents
D:3:      layout_rooms, uniq_sigmund

Skill      XL: |  1  2  3 |
---------------+----------+-----
Stealth        | 6 7 |  7.2
Dodging        | 2 |  2.1
Short Blades   | 3 |  3.1
Fighting       | |  1.9
Throwing       | |  2.4

Action                   |  1- 3 |  4- 6 || total
-------------------------+-------+-------++-------
Melee: Dagger            |   108 |    17 ||   125
Throw: Dart              |    14 |     9 ||    23
 Stab: Sleeping          |    12 |     1 ||    13
Armor: Robe              |    14 |     3 ||    17
Dodge: Dodged            |    67 |    16 ||    83
